 Dungeon Crawl Stone Soup version 0.27.0-1-g7a089689b8 (webtiles) character file.

Game seed: 6662631078677881363

53 theswoord the Twirler (level 3, 0/27 HPs)
             Began as a Demonspawn Gladiator on Aug 5, 2021.
             Slain by Sigmund (1 damage)
             ... on level 2 of the Dungeon.
             The game lasted 00:01:38 (934 turns).

theswoord the Twirler (Demonspawn Gladiator)         Turns: 934, Time: 00:01:38

Health: 0/27       AC:  5    Str: 21    XL:     3   Next: 62%
Magic:  3/3        EV: 12    Int:  9    God:
Gold:   68         SH:  0    Dex: 14    Spells: 2/2 levels left

rFire    . . .     SeeInvis .   a - +0 quarterstaff
rCold    . . .     Faith    .   (shield currently unavailable)
rNeg     . . .     Spirit   .   b - +0 leather armour
rPois    .         Reflect  .   c - +0 helmet
rElec    .         Harm     .   (no cloak)
rCorr    .         Rampage  .   (no gloves)
Will     .....                  f - +0 pair of boots
Stlth    +.........             (no amulet)
HPRegen  0.09/turn              i - +6 ring of strength
MPRegen  0.08/turn              (no ring)

@: no status effects
A: ignite blood 1
a: no special abilities


You were on level 2 of the Dungeon.
You visited 1 branch of the dungeon, and saw 2 of its levels.

You collected 68 gold pieces.

Inventory:

Hand Weapons
 a - a +0 quarterstaff (weapon)
Armour
 b - a +0 leather armour (worn)
 c - a +0 helmet (worn)
 f - a +0 pair of boots (worn)
Jewellery
 i - a +6 ring of strength (left hand)
Potions
 e - a potion of curing
 g - a potion of flight {unknown}
 h - a potion of mutation {unknown}


   Skills:
 - Level 2.0 Fighting
 + Level 4.2 Staves
 - Level 1.7 Throwing
 - Level 2.6 Dodging


You had 2 spell levels left.
You didn't know any spells.
Your spell library was empty.

Dungeon Overview and Level Annotations

Branches:
Dungeon (2/15)

Altars:

Annotations:
D:2 Sigmund


Innate Abilities, Weirdness & Mutations

Your demonic aura sometimes causes spilled blood to erupt in flames.


Message History

The bat barely misses you.
Found a scale mail.
You hit Sigmund but do no damage. The bat completely misses you.
The bat barely misses you.
Sigmund struggles against the net.
The bat hits you but does no damage.
You hit Sigmund.
Sigmund is lightly wounded.
The bat hits you but does no damage. The bat hits you.
Sigmund struggles against the net.
Unknown command.
You thump Sigmund!
Sigmund is moderately wounded.
The bat closely misses you.
Sigmund points at you and mumbles some strange words.
You are more confused.
Sigmund struggles against the net.
The net rips apart, and Sigmund comes free!
Non-targeted confused throw: throwing net
Press: ? - help, Q - select action Dir - look around, f - activate You throw a throwing net.
The bat closely misses you.
You bump into the rock wall.
The bat hits you but does no damage.
Sigmund gestures wildly while chanting.
Sigmund flickers and vanishes!
Deactivating autopickup; reactivate with Ctrl-A.
You hit something. The bat completely misses you.
The bat hits you but does no damage. Something hits you but does no damage.
You bump into the rock wall.
The bat closely misses you. Something hits you.
You bump into the rock wall.
The bat hits you but does no damage. The bat barely misses you.
You hear some strange, mumbled words.
A magic dart appears from out of thin air!
The magic dart hits you but does no damage.
You completely miss something. The bat barely misses you.
The bat hits you but does no damage. Something hits you!
You barely miss something.
You feel less confused. The bat misses you. The bat barely misses you.
Something hits you!
* * * LOW HITPOINT WARNING * * *
You die...

# ....... .# .
....... #####.#..
....... .....(...
....... #........
..... #.....[.#
... #b{.....#
##.## ##@##
#..)### ###...###
+.⌠...###...⌠...#
#.............#.#
###....<...(###.#
###.....### #
##.⌠.##
###...).###
#....<....#


You could see a bat.

Vanquished Creatures
  An adder (D:1)
  3 dart slugs (D:1)
  4 endoplasms (D:1)
  2 giant cockroaches (D:1)
  3 goblins
  3 hobgoblins (D:1)
  6 jackals (D:1)
  2 kobolds
  3 ball pythons (D:1)
  3 bats (D:1)
  A frilled lizard (D:1)
  2 rats (D:1)
33 creatures vanquished.

Notes
Turn   | Place    | Note
-------+----------+-------------------------------------------
     0 | D:1      | theswoord the Demonspawn Gladiator began the quest for the
                  | Orb.
     0 | D:1      | Reached XP level 1. HP: 16/16 MP: 1/1
    35 | D:1      | Reached skill level 3 in Staves
    57 | D:1      | Gained mutation: Your demonic aura sometimes causes spilled
                  | blood to erupt in flames. [demonic ancestry]
    57 | D:1      | Reached XP level 2. HP: 13/22 MP: 2/2
   369 | D:1      | Found a faded altar of an unknown god.
   503 | D:1      | Reached XP level 3. HP: 18/27 MP: 3/3
   627 | D:1      | Reached skill level 4 in Staves
   917 | D:2      | Noticed Sigmund
   934 | D:2      | HP: 1/27 [something (13)]
   934 | D:2      | Slain by Sigmund

Skill      XL: |  1  2  3 |
---------------+----------+-----
Staves         | 3 4 |  4.2
Fighting       | |  2.0
Throwing       | |  1.7
Dodging        | |  2.6

Action                   || total
-------------------------++-------
Melee: Quarterstaff      ||    94
Throw: Throwing net      ||     3
  Use: Scroll            ||     1
       Potion            ||     1
 Stab: Sleeping          ||     1
Armor: Leather armour    ||    51
Dodge: Dodged            ||    80

Levels and vault maps discovered:
D:1:      dpeg_arrival_pond, layout_rooms, basic_ecumenical_altar,
          hangedman_decor_clover_reticule
D:2:      layout_basic, glass_columns_c, grunt_ministairs_13,
          uniq_crazy_yiuf_cottage, uniq_sigmund
